 Dungeon Crawl Stone Soup version 0.26-a0-611-g354ed81502 (webtiles) character file.

Game seed: 17208930226537046373

1402 MrRokkomies the Cutter (level 8, -3/54 HPs)
             Began as an Octopode Brigand on Sept 7, 2020.
             Was an Initiate of Okawaru.
             Slain by an ufetubus (4 damage)
             ... on level 6 of the Dungeon.
             The game lasted 00:15:19 (6101 turns).

MrRokkomies the Cutter (Octopode Brigand)           Turns: 6101, Time: 00:15:20

Health: -3/54      AC:  1    Str: 10    XL:     8   Next: 69%
Magic:  8/8        EV: 16    Int: 15    God:    Okawaru [......]
Gold:   162        SH:  0    Dex: 14    Spells: 7/7 levels left

rFire    . . .     SeeInvis +   q - +0 dagger (curse)
rCold    + . .     Faith    .   (no shield)
rNeg     . . .     Spirit   .   (helmet restricted)
rPois    .         Reflect  .   j - amulet of regeneration
rElec    .         Harm     .   e - ring of protection from cold
rCorr    .                      r - ring of see invisible
MR       .....                  (no ring)
Stlth    ++++......             (no ring)
HPRegen  0.58/turn              (no ring)
MPRegen  0.11/turn              (no ring)
                                (no ring)
                                (no ring)

@: lethally poisoned (-3 -> -3), stab, lightly drained
A: almost no armour, stealthy swim, amphibious, 8 rings, constrict 8, camouflage
1, gelatinous body 1
a: Renounce Religion


You were on level 6 of the Dungeon.
You worshipped Okawaru.
Okawaru was noncommittal.
You visited 2 branches of the dungeon, and saw 7 of its levels.

You collected 265 gold pieces.
You spent 103 gold pieces at shops.

Inventory:

Hand Weapons
 a - a +2 dagger of venom
 q - a cursed +0 dagger (weapon)
Missiles
 b - 14 poisoned darts (quivered)
 h - 2 curare-tipped darts
 m - 2 throwing nets
 o - 2 silver boomerangs
Jewellery
 e - a ring of protection from cold (left tentacle)
 j - an amulet of regeneration (around mantle)
 r - a ring of see invisible (right tentacle)
Wands
 c - a wand of flame (21)
 n - a wand of paralysis (3)
Scrolls
 d - 10 scrolls of identify
 f - a scroll of fog
 i - 2 scrolls of blinking
Potions
 g - a potion of flight
 k - a potion of brilliance


   Skills:
 + Level 4.5(4.4) Fighting
 * Level 6.3(6.1) Short Blades
 + Level 4.6(4.4) Throwing
 * Level 5.9(5.7) Dodging
 - Level 5.3(5.1) Stealth


You had 7 spell levels left.
You didn't know any spells.
Your spell library contained the following spells:

 Spells                   Type           Power        Failure   Level
 Leda's Liquefaction      Hex/Erth       #.........   95%         4
 Bolt of Magma            Conj/Fire/Erth #.........   100%        5
 Iron Shot                Conj/Erth      #.........   100%        6
 Statue Form              Tmut/Erth      #........    100%        6
 Shatter                  Erth           #.........   100%        9


Dungeon Overview and Level Annotations

Branches:
Dungeon (6/15)             Temple (1/1) D:5

Altars:
Ashenzari
Elyvilon
Fedhas
Gozag
Hepliaklqana
Makhleb
Nemelex Xobeh
Okawaru
Qazlal
Ru
Sif Muna
Trog
Uskayaw
Vehumet
Wu Jian
Xom
Yredelemnul

Shops:
D:4 *


Innate Abilities, Weirdness & Mutations

You cannot wear most types of armour.
You are very stealthy in the water. (Stealth+)
You are amphibious.
You can wear up to eight rings at the same time.
You can use your tentacles to constrict eight enemies at once.
Your skin changes colour to match your surroundings (Stealth+).
Your rubbery body absorbs attacks. (AC +1, EV +1)


Message History

An ufetubus comes into view.
The adder misses you.
It was a potion of stabbing.
You feel ready to backstab.
The sentinel's mark upon you fades away.
You constrict the adder.
You kill the adder!
Okawaru accepts your kill.
You feel sick. The ufetubus hits you.
* * * LOW HITPOINT WARNING * * *
The ufetubus hits you.
* * * LOW HITPOINT WARNING * * *
The ufetubus misses you. The ufetubus completely misses you.
You hit the ufetubus. Your grab misses the ufetubus.
The ufetubus is moderately wounded.
The ufetubus hits you.
* * * LOW HITPOINT WARNING * * *
The ufetubus hits you.
You die...

....[#.#.#. .. #..#
.....#.#.# #>.# .....#.#
#..# .....#.# ########..#
.....#.###.........#
##...#.##......###.#
...............# #.#
##.#.#.##......###.#
#.#.......#'#.5@..#
#)#...##..#.#.#####
#)#...##..#.#.#
#.#...##..#.#a#
#)#...#...#.#.#
##'#...#####.#.#
...........#.#.#
.....#####.#.#.#
.....#####.#.#.#########.?


You could see an ufetubus.

Vanquished Creatures
  A sky beast (D:5)
  An ogre (D:5)
  An ice beast (D:5)
  A centaur (D:5)
  3 scorpions
  3 wights (D:6)
  2 howler monkeys (D:4)
  A hound (D:5)
  3 orc priests (D:5)
  7 orc wizards
  3 bullfrog skeletons
  Terence (D:2)
  2 worker ants
  A hound skeleton (D:5)
  4 gnolls (D:3)
  5 adders
  4 oozes
  An adder zombie (D:5)
  3 worms
  6 dart slugs
  4 leopard geckos
  14 orcs
  9 bats
  5 giant cockroaches
  5 goblins
  10 hobgoblins
  9 jackals
  2 ball pythons
  8 frilled lizards
  7 kobolds
  6 rats
132 creatures vanquished.

Notes
Turn   | Place    | Note
-------+----------+-------------------------------------------
     0 | D:1      | MrRokkomies the Octopode Brigand began the quest for the
                  | Orb.
     0 | D:1      | Reached XP level 1. HP: 14/14 MP: 1/1
   177 | D:1      | Reached XP level 2. HP: 19/19 MP: 2/2
   403 | D:1      | Reached XP level 3. HP: 24/24 MP: 3/3
  1023 | D:2      | Noticed Terence
  1044 | D:2      | HP: 1/25 [Terence/+0 mace (4)]
  1448 | D:2      | Reached XP level 4. HP: 30/30 MP: 4/4
  1808 | D:2      | Killed Terence
  1808 | D:2      | Reached skill level 3 in Short Blades
  2494 | D:3      | Reached XP level 5. HP: 24/35 MP: 5/5
  3260 | D:3      | Reached XP level 6. HP: 37/42 MP: 6/6
  3396 | D:3      | Reached skill level 4 in Short Blades
  3722 | D:4      | Found Hounk's General Store.
  3776 | D:4      | Bought 11 poisoned darts for 61 gold pieces
  3776 | D:4      | Bought a potion of curing for 42 gold pieces
  3796 | D:4      | Found a sacrificial altar of Ru.
  3796 | D:4      | Found a hazy altar of Hepliaklqana.
  3918 | D:4      | Reached XP level 7. HP: 37/46 MP: 7/7
  4348 | D:5      | Entered Level 5 of the Dungeon
  4588 | D:5      | Reached skill level 5 in Short Blades
  4928 | D:5      | Reached XP level 8. HP: 31/54 MP: 8/8
  4934 | D:5      | Reached skill level 5 in Dodging
  5018 | D:5      | Found a burning altar of Makhleb.
  5191 | D:5      | Found a staircase to the Ecumenical Temple.
  5224 | Temple   | Entered the Ecumenical Temple
  5321 | Temple   | Became a worshipper of Warmaster Okawaru
  5375 | D:5      | Found an ornate altar of the Wu Jian Council.
  5378 | D:5      | Found a shimmering altar of Xom.
  5710 | D:6      | Reached skill level 6 in Short Blades
  6099 | D:6      | HP: 1/54 [ufetubus (4)]
  6101 | D:6      | Slain by an ufetubus

Illustrated notes

Levels and vault maps discovered:
D:1:      wander_arrival_estate, layout_loops_ring, corner_web_ring
D:2:      layout_rooms, nicolae_overflow_hidden_temple, uniq_terence, uniq_robin
D:3:      layout_basic, portal_sewer_entry_e
D:4:      layout_basic, grunt_temple_overflow_open, serial_shops,
          nicolae_shop_stone, minivault_1, fountainhead
D:5:      layout_basic, lemuel_round_altar, makhleb_heckhound_becter,
          minmay_temple_entry_proselytizer, roderic_lattice_a,
          mrwooster_statue_mirror, xom_teletrap_fun
D:6:      layout_basic, basic_altar
Temple:   nicolae_temple_great_sept

Skill      XL: |  1  2  3  4  5  6  7  8 |
---------------+-------------------------+-----
Dodging        | 2 3 4 5 |  5.9
Short Blades   | 3 4 5 6 |  6.3
Throwing       | 3 4 |  4.6
Fighting       | 3 4 |  4.5
Stealth        | |  5.3

Action                   |  1- 3 |  4- 6 |  7- 9 || total
-------------------------+-------+-------+-------++-------
Melee: Dagger            |    57 |   174 |   101 ||   332
       Tentacles         |     7 |    34 |    23 ||    64
       Constrict         |    11 |    40 |    15 ||    66
Throw: Dart              |     2 |    10 |    37 ||    49
Evoke: Wand              |       |       |     6 ||     6
  Use: Potion            |     2 |       |     4 ||     6
       Scroll            |       |     8 |     4 ||    12
 Stab: Sleeping          |    19 |     8 |     8 ||    35
       Paralysed         |       |       |     1 ||     1
Armor: Skin              |     3 |    12 |     3 ||    18
Dodge: Dodged            |    21 |    97 |    58 ||   176

Table legend: (Time is in decaauts)
 A = Elapsed time spent in this place.
 B = Non-inter-level travel time spent in this place.
 C = Inter-level travel time spent in this place.
 D = Time resting spent in this place.
 E = Time spent auto-exploring this place.
 F = Levels seen in this place.
 G = Mean time per level.
                   A        B        C        D        E       F      G
               +--------+--------+--------+--------+--------+-----+--------+
         Total |   6026 |   5815 |    211 |   1236 |   3561 |   7 |  860.9 |
       Dungeon |   5919 |   5718 |    201 |   1236 |   3472 |   6 |  986.5 |
        Temple |    107 |     97 |     10 |      0 |     89 |   1 |  107.0 |
               +--------+--------+--------+--------+--------+-----+--------+

Top non-repeatable levels by time:
     D:2: 1668 daAuts
     D:5: 1151 daAuts
     D:1: 1023 daAuts
     D:3: 902 daAuts
     D:4: 711 daAuts
     D:6: 462 daAuts
  Temple: 107 daAuts
